AoeStats
← meditator27

MegaRandom

510289561Analyzed
3v3 RM · 19h ago on Sep 30, 2026· 48m 26s· 6 players
Game mode
Random Map
Map size
Normal (6 player)
Population
200
Speed
Normal
Resources
Standard
Victory
Conquest
Starting age
Dark Age
Ending age
Imperial Age
RankedLock teamsTeams togetherTeam positionsShared explorationLock speedFull tech treeHidden civsTurbo modeCheats
Victory
Defeat
🇭🇰 Varangians · Hong Kong SAR China
1462
+6
🇦🇺 Georgians · Australia
1318
+10
🇹🇼 Maya · Taiwan
1269
+11
🇬🇧 Vikings · United Kingdom
1226
-10
🇬🇧 Lithuanians · United Kingdom
1215
-10
🇯🇵 Aztecs · Japan
1127
-7
GI
4:42 Loom
10:45 Feudal Age
12:01 Double-Bit Axe
13:48 Wheelbarrow
17:22 Castle Age
15:30 Fletching
16:27 Horse Collar
18:17 Bow Saw
19:29 Bodkin Arrow
20:06 Medium Warships
23:07 Scale Barding Armor
23:38 Husbandry
23:18 Light Cavalry
26:19 Hand Cart
26:18 Bloodlines
26:25 Forging
27:48 Town Watch
30:07 Iron Casting
29:54 Chain Barding Armor
29:54 Heavy Plow
29:48 Gold Mining
29:49 Stone Mining
38:12 Imperial Age
36:25 Coinage
38:15 Cavalier
39:36 Plate Barding Armor
40:02 Blast Furnace
40:34 Banking
43:35 Aznauri Cavalry
43:55 Conscription
43:45 Bracer
43:35 Hussar
46:41 Spies/Treason
48:14 Capped Ram
king00005
8:45 Loom
10:41 Feudal Age
17:43 Castle Age
20:04 Fletching
21:14 Light Cavalry
25:23 Fishing Lines
30:39 Husbandry
32:02 Bloodlines
32:40 Forging
34:12 Horse Collar
34:56 Double-Bit Axe
38:08 Fletching
38:55 Iron Casting
40:34 Town Watch
41:27 Wheelbarrow
41:52 Bow Saw
41:48 Gold Mining
42:15 Fletching
45:45 Imperial Age
43:34 Hand Cart
44:06 Scale Barding Armor
47:31 Blast Furnace
46:46 Scale Barding Armor
46:31 Spies/Treason
47:51 Conscription
47:29 Elite Jarl
48:38 Conscription
49:11 Scale Barding Armor
meditator27
0:28 Loom
9:45 Feudal Age
10:20 Double-Bit Axe
15:40 Fletching
20:18 Castle Age
18:15 Horse Collar
19:48 Padded Archer Armor
21:19 Bow Saw
20:41 Crossbowman
21:20 Bodkin Arrow
23:04 Wheelbarrow
26:35 Ballistics
31:10 Gold Mining
31:12 Stone Mining
34:11 Imperial Age
33:23 Hand Cart
34:47 Thumb Ring
35:03 Arbalester
36:26 Bracer
36:31 Heavy Plow
38:18 Conscription
39:07 Chemistry
40:52 Leather Archer Armor
40:39 Town Watch
41:58 Two-Man Saw
42:21 Stone Shaft Mining
41:48 Elite Plumed Archer
46:08 Ring Archer Armor
45:55 Spies/Treason
The Laughing Storm
5:10 Loom
11:14 Feudal Age
11:42 Double-Bit Axe
11:40 Horse Collar
16:14 Castle Age
15:06 Fishing Lines
17:20 Bow Saw
19:43 Gold Mining
20:16 Gillnets
20:26 Horse Collar
22:44 Scale Barding Armor
23:58 Wheelbarrow
24:40 Bloodlines
25:42 Chain Barding Armor
26:52 Husbandry
27:10 Forging
28:57 Iron Casting
30:12 Stone Mining
36:45 Imperial Age
34:50 Hand Cart
38:18 Plate Barding Armor
37:06 Cavalier
37:46 Elite Leitis
38:55 Conscription
40:53 Light Cavalry
44:32 Winged Hussar
biodegradable plastic
12:46 Feudal Age
13:32 Loom
14:44 Double-Bit Axe
15:28 Fishing Lines
25:04 Castle Age
23:57 Fletching
29:22 Gold Mining
30:17 Bow Saw
33:38 Bodkin Arrow
34:05 Gillnets
35:55 Ballistics
only vills
9:54 Feudal Age
8:52 Loom
14:26 Castle Age
16:33 Sanctity
18:29 Fervor
21:25 Atonement
23:37 Redemption
23:25 Herbal Medicine
Connection lost

Rejoining the realm…

Still unreachable

The connection could not be restored.

Session expired

The server has moved on; the page needs a fresh start.